 Dungeon Crawl Stone Soup version 0.28.0-49-g6dfe1f597d (webtiles) character file.

Game seed: 7585957293784369076

52 mortz the Chopper (level 3, -4/33 HPs)
             Began as a Hill Orc Monk on May 15, 2022.
             Killed by nerve-wracking pain
             ... invoked by Grinder
              (14 damage)
             ... on level 3 of the Dungeon.
             The game lasted 00:06:38 (2207 turns).

mortz the Chopper (Hill Orc Monk)                   Turns: 2207, Time: 00:06:38

Health: -4/33      AC:  6    Str: 15    XL:     3   Next: 85%
Magic:  3/3        EV: 12    Int: 10    God:
Gold:   47         SH:  0    Dex: 13    Spells: 2/2 levels left

rFire   . . .      SeeInvis .   a - +0 hand axe {axe}
rCold   . . .      Faith    .   (no shield)
rNeg    . . .      Spirit   .   m - +0 troll leather armour
rPois   .          Reflect  .   n - +2 hat
rElec   .          Harm     .   (no cloak)
rCorr   .          Rampage  .   (no gloves)
Will    .....                   (no boots)
Stlth   ++........              (no amulet)
HPRegen 0.91/turn               (no ring)
MPRegen 0.08/turn               (no ring)

@: no status effects
A: no striking features
a: no special abilities


You were on level 3 of the Dungeon.
You visited 1 branch of the dungeon, and saw 3 of its levels.

You collected 47 gold pieces.


   Skills:
 + Level 4.1 Fighting
 + Level 4.8 Axes
 + Level 1.0 Armour
 + Level 2.9 Dodging
 + Level 1.7 Stealth


You had 2 spell levels left.
You didn't know any spells.
Your spell library contained the following spells:

 Spells                   Type           Power      Damage    Failure   Level
 Mephitic Cloud           Conj/Pois/Air  0%         N/A       80%         3
 Olgreb's Toxic Radiance  Pois           0%         N/A       99%         4
 Borgnjor's Vile Clutch   Necr/Erth      0%         N/A       100%        5
 Necromutation            Tmut/Necr      0%         N/A       100%        8

Inventory:

Hand Weapons
 a - a +0 hand axe (weapon) {axe}
 l - a +3 dagger of electrocution {short}
   (You took it off a goblin on level 2 of the Dungeon)
Missiles
 f - 67 stones (quivered) {throwing}
Armour
 b - a +0 robe
 d - a +0 leather armour
   (You found it on level 1 of the Dungeon)
 k - a +0 helmet
   (You took it off Robin on level 2 of the Dungeon)
 m - a +0 troll leather armour (worn)
   (You found it on level 2 of the Dungeon)
 n - a +2 hat (worn)
   (You found it on level 3 of the Dungeon)
Magical Staves
 h - a staff of fire {!astaff}
   (You found it on level 1 of the Dungeon)
Scrolls
 c - 2 scrolls of fog {unknown}
 e - a scroll of silence {unknown}
 g - 2 scrolls of identify {unknown}
 i - a scroll of amnesia
Potions
 j - a potion of might {unknown}
 o - a potion of heal wounds {unknown}

Dungeon Overview and Level Annotations

Branches:
Dungeon (3/15)

Altars:

Annotations:
D:3 Grinder

#........## >#
#.........#
###########.#
#.........#
#.........#.#
#.........#
#.#######.#.#
#........## #.# #.#.#
#......### #.# #.#(#
###..#......
#.#######.#5#
#..#######
#.##..)...@.######..#
#.##.####.......<...#
#######.##.#
###########.#
...........# #.#
######..##.# #.#
#.....##.# #.#
###.##.###.# .#
....##.# #.. .#
.......# ### ##


You could see Grinder.


Message History

The hobgoblin hits you but does no damage.
You hit the hobgoblin. The hobgoblin closely misses you.
The hobgoblin hits you. 😕 HP[-1]
You take 1 damage, and now have 32/33 hp.
You hit the hobgoblin.
You kill the hobgoblin!
Things that are here:
a +0 dagger {short}; a hobgoblin corpse; a goblin corpse 😎 HP[+1]
Your hp is fully restored (33).
Things that are here:
a +0 animal skin; a +0 spear {polearm}
f - 36 stones {throwing} (gained 31)
Things that are here:
a +0 dagger {short}; a +0 hunting sling {sling}
f - 56 stones {throwing} (gained 20)
Things that are here:
a +0 club {mace}; a +0 hunting sling {sling}; a +0 club {mace}
l - a +3 dagger of electrocution {short} You see here a +0 dagger {short}.
Found 14 arrows.
Found a stone staircase leading down.
You see here a +0 troll leather armour.
You start removing your armour.
You continue taking off your +0 leather armour. x4
You finish taking off your +0 leather armour.
You start putting on your armour.
You continue putting on your +0 troll leather armour. x5
You finish putting on your +0 troll leather armour.
The armour throbs as it attunes itself to your uninjured body.
You see here 14 arrows.
c - 2 scrolls labelled QIOT WAENIAGER (gained 1)
You open the door.
There is an open door here.
You see here a +0 dagger {short}.
Done exploring.
There is a stone staircase leading down here.
You climb downwards.
There is a stone staircase leading up here.
A giant cockroach comes into view.
You see here a +2 hat.
n - a +2 hat You start putting on your armour.
You continue putting on your +2 hat. x4
The giant cockroach bites you.
You finish putting on your +2 hat. 😕 HP[-2]
You take 2 damage, and now have 31/33 hp.
You hit the giant cockroach.
The giant cockroach barely misses you. 😕 HP[+1]
You hit the giant cockroach.
The giant cockroach waves its antennae.
The giant cockroach barely misses you. 😎 HP[+1]
Your hp is fully restored (33).
You slash the giant cockroach!
You kill the giant cockroach!
f - 68 stones {throwing} (gained 12) Grinder comes into view.
Grinder blinks!
Grinder moves out of view.
There is a stone staircase leading up here.
You climb upwards.
There is a stone staircase leading down here.
You see here a +0 dagger {short}.
There is a stone staircase leading down here.
You climb downwards.
Level annotation: Grinder
There is a stone staircase leading up here.
o - a coppery potion
Found a stone staircase leading down.
You see here a +0 falchion {long}.
Found a stone staircase leading down.
Throw: 68 stones {throwing}
Press: ? - help, Q - select action Shift-Dir - straight line, f - Grinder
Aim: Grinder (55% to hit)
You throw a stone {throwing}.
The stone {throwing} closely misses Grinder.
Grinder says, "Wait up."
Grinder gestures at you.
You suddenly lose the ability to move!
Grinder gestures at you. Pain shoots through your body!
You can move again. 😮 HP[-14]
You take 14 damage, and now have 19/33 hp.
MASSIVE DAMAGE!! (PAUSE)
You hit Grinder. Grinder hits you.
* * * LOW HITPOINT WARNING * * *
You writhe in agony.
* * * LOW HITPOINT WARNING * * *
😨 HP[-7]
You take 7 damage, and now have 12/33 hp.
MASSIVE DAMAGE!! (PAUSE)
You barely miss Grinder. Grinder hits you.
* * * LOW HITPOINT WARNING * * *
😨 HP[-3]
You take 3 damage, and now have 9/33 hp.
You hit Grinder. Grinder gestures at you. Pain shoots through your body!
You die...

Skill      XL: |  1  2  3 |
---------------+----------+-----
Fighting       | 4 |  4.1
Armour         | 1 |  1.0
Axes           | |  4.8
Dodging        | |  2.9
Stealth        | |  1.7

Action                   || total
-------------------------++-------
Melee: Hand axe          ||   100
       Punch             ||     1
Throw: Stone             ||     1
  Use: Scroll            ||     1
 Stab: Sleeping          ||     2
Armor: Robe              ||     2
       Leather armour    ||    15
Dodge: Dodged            ||    65

Levels and vault maps discovered:
D:1:      saegor_arrival_miasma, layout_basic, serial_aquarium,
          aquarium_bridge_straight [aquarium_subvault_bridge,
          aquarium_subvault_wall, aquarium_subvault_bridge,
          aquarium_subvault_balcony], aquarium_bridge_square
          [aquarium_subvault_wall, aquarium_subvault_window,
          aquarium_subvault_bridge, aquarium_subvault_wall],
          aquarium_window_corridor_3, aquarium_window_1, aquarium_window_1,
          aquarium_view_2d, aquarium_balcony_double_3, minmay_split_cup_large
D:2:      layout_basic, serial_shops, nicolae_shop_hallway_plus,
          basic_ecumenical_altar, eino_curves_02, uniq_robin
D:3:      layout_loops_ring, nicolae_dithmenos_the_darkroom, uniq_sigmund,
          uniq_grinder

Notes
Turn   | Place    | Note
-------+----------+-------------------------------------------
     0 | D:1      | mortz the Hill Orc Monk began the quest for the Orb.
     0 | D:1      | Reached XP level 1. HP: 19/19 MP: 1/1
     0 | D:1      | magus.rc [v1.9.6]
   391 | D:1      | You add the spells Mephitic Cloud, Olgreb's Toxic Radiance,
                  | Borgnjor's Vile Clutch and Necromutation to your library.
   391 | D:1      | Got Mitootae's Compendium of Poisoning and Darkness
   567 | D:1      | Reached XP level 2. HP: 23/27 MP: 2/2
  1253 | D:2      | Reached skill level 4 in Fighting
  1253 | D:2      | Reached XP level 3. HP: 15/33 MP: 3/3
  1425 | D:2      | Noticed Robin
  1768 | D:2      | Killed Robin
  1769 | D:2      | Reached skill level 1 in Armour
  2119 | D:3      | Noticed Grinder
  2202 | D:3      | Paralysed by Grinder for 3 turns
  2207 | D:3      | Killed from afar by Grinder

Vanquished Creatures
  Robin (D:2)
  A worm (D:2)
  2 dart slugs
  2 ball pythons
  2 endoplasms
  A giant cockroach (D:3)
  6 hobgoblins
  3 jackals (D:1)
  9 goblins
  4 kobolds (D:1)
  A rat (D:1)
32 creatures vanquished.

Table legend:
 A = Non-vault XP
 B = Vault XP
 C = Vault XP percentage of total XP
 D = Non-vault monster count
 E = Vault monster count
 F = Vault count percentage of total count
                 A         B        C        D         E       F
            +---------+---------+-------+---------+---------+-------
      Total |      34 |      41 |  54.7 |      15 |      17 |  53.1
            +---------+---------+-------+---------+---------+-------
        D:1 |      18 |      12 |  40.0 |       9 |       7 |  43.8
        D:2 |      14 |      29 |  67.4 |       5 |      10 |  66.7
        D:3 |       2 |       0 |   0.0 |       1 |       0 |   0.0
            +---------+---------+-------+---------+---------+-------

Illustrated notes

Table legend:
 A = Kills in this place as a percentage of kills in entire the game.
 B = Kills by you in this place as a percentage of kills by you in the entire game.
 C = Kills by friends in this place as a percentage of kills by friends in the entire game.
 D = Other kills in this place as a percentage of other kills in the entire game.
 E = Experience gained in this place as a percentage of experience gained in the entire game.
 F = Experience gained in this place divided by the number of levels of this place that you have seen.
                   A       B       C       D       E      F
               +-------+-------+-------+-------+-------+----------------------
         Total | 100.0 | 100.0 |   N/A |   N/A | 100.0 |  25.0
       Dungeon | 100.0 | 100.0 |   N/A |   N/A | 100.0 |  25.0
               +-------+-------+-------+-------+-------+----------------------

Table legend: (Time is in decaauts)
 A = Elapsed time spent in this place.
 B = Non-inter-level travel time spent in this place.
 C = Inter-level travel time spent in this place.
 D = Time resting spent in this place.
 E = Time spent auto-exploring this place.
 F = Levels seen in this place.
 G = Mean time per level.
                   A        B        C        D        E       F      G
               +--------+--------+--------+--------+--------+-----+--------+
         Total |   2221 |   2156 |     65 |    449 |   1393 |   3 |  740.3 |
       Dungeon |   2221 |   2156 |     65 |    449 |   1393 |   3 |  740.3 |
               +--------+--------+--------+--------+--------+-----+--------+

Top non-repeatable levels by time:
     D:1: 1649 daAuts
     D:2: 466 daAuts
     D:3: 105 daAuts
